 Dungeon Crawl Stone Soup version 0.22-a0-21-g9421e3f (webtiles) character file.

439539 tidbits the Timeless (level 22, -6/231 HPs)
             Began as a Gnoll Necromancer on Jan 1, 2018.
             Was a High Priest of Cheibriados.
             Killed by divine providence
             ... invoked by a sphinx
              (10 damage)
             ... while paralysed by a sphinx
             ... on level 1 of the Tomb of the Ancients on Jan 2, 2018.
             The game lasted 05:23:10 (12598 turns).

tidbits the Timeless (Gnoll Necromancer)           Turns: 12598, Time: 05:23:11

Health: -6/231     AC: 34    Str: 28 (33) XL:     22   Next: 92%
Magic:  6/41       EV:  2    Int: 40      God:    Cheibriados [*****.]
Gold:   1152       SH:  0    Dex: 28      Spells: 0/51 levels left

rFire    + + +     SeeInvis +     - Unarmed
rCold    . . .     Gourm    .   D - +5 shield
rNeg     + . .     Faith    .   (armour currently unavailable)
rPois    ∞         Spirit   .   E - +2 helmet
rElec    +         Reflect  .   C - +2 cloak of the Thief {+Fog Slay-2 SInv Stlth+}
rCorr    +         Harm     .   (gloves currently unavailable)
MR       ++...                  (boots currently unavailable)
Stlth    +++++++++.             g - amulet of magic regeneration
HPRegen  1.48/turn              H - ring of protection from magic
MPRegen  0.52/turn              J - ring "Onee" {rCorr *Contam rF+++ Str+8 Dex-3}

@: paralysed, statue-form, corroded, regenerating, very slow
A: distributed training, fangs 1, rugged brown scales 1, camouflage 1, strong
nose
}: 5/15 runes: decaying, slimy, silver, abyssal, gossamer
a: End Transformation, Bend Time, Temporal Distortion, Slouch, Step From Time,
Renounce Religion, Evoke Fog


You were on level 1 of the Tomb of the Ancients.
You worshipped Cheibriados.
Cheibriados was extremely pleased with you.
You were very full.
You were a stone statue.
You visited 9 branches of the dungeon, and saw 45 of its levels.
You visited the Abyss 1 time.
You visited 1 bazaar.
You also visited: Ice Cave, Wizlab and Desolation.

You collected 3808 gold pieces.
You spent 2656 gold pieces at shops.

Inventory:

Hand Weapons
 b - a +4 broad axe of electrocution
   (You took it off a vault guard on level 14 of the Dungeon)
 c - the +9 hand crossbow of the Fulmar {elec, Str+5}
   (You found it on level 12 of the Dungeon)

   It charges the ammunition it shoots with electricity; occasionally upon a
   hit, such missiles may discharge and cause terrible harm.
   It affects your strength (+5).
 d - the +5 dagger of a ziggurat {holy, Dex+4}
   (You found it on level 3 of the Spider Nest)

   It has been blessed by the Shining One to cause great damage to the undead
   and demons.
   It affects your dexterity (+4).
Missiles
 h - 298 bolts
 M - 34 tomahawks (quivered)
 R - 2 throwing nets {!f}
Armour
 B - the +4 moon troll leather armour (melded) {Spirit, Regen++ MP+5}
   (You took it off a moon troll in a wizard's laboratory)

   It affects your magic capacity (+5).
   It increases your rate of regeneration.
 C - the +2 cloak of the Thief (worn) {+Fog Slay-2 SInv Stlth+}
   (You found it in the Desolation of Salt)

   It affects your accuracy and damage with ranged weapons and melee attacks
   (-2).
   It lets you see invisible.
   It makes you more stealthy.
 D - a +5 shield (worn)
 E - a +2 helmet (worn)
 F - a +2 pair of boots of stealth (melded)
   (You found it on level 3 of the Dungeon)
 G - the +0 pair of gloves "Teupoisch" (melded) {Regen+}
   (You found it on level 5 of the Pits of Slime)

   It increases your rate of regeneration.
Jewellery
 g - an amulet of magic regeneration (around neck)
   (You found it on level 5 of the Pits of Slime)
 w - an uncursed ring of protection from cold
   (You took it off an imperial myrmidon in the Desolation of Salt)
 H - a ring of protection from magic (left hand)
   (You found it in the Desolation of Salt)
 J - the ring "Onee" (right hand) {rCorr *Contam rF+++ Str+8 Dex-3}
   (You found it on level 5 of the Pits of Slime)

   [ring of resist corrosion]

   It affects your strength (+8).
   It affects your dexterity (-3).
   It renders you almost immune to fire.
   It causes magical contamination when unequipped.
 O - a +5 ring of intelligence
   (You found it on level 15 of the Dungeon)
 W - an uncursed ring of wizardry
   (You found it on level 2 of the Dungeon)
Wands
 p - a wand of paralysis (17)
 q - a wand of iceblast (64)
 v - a wand of acid (11)
 y - a wand of scattershot (6)
 N - a wand of enslavement (29)
 Y - a wand of digging (6)
Scrolls
 i - 4 scrolls of fog
 j - 2 scrolls of identify
 k - 2 scrolls of summoning
 l - 2 scrolls of amnesia
 r - 10 scrolls of remove curse
 t - 8 scrolls of teleportation
 z - 5 scrolls of fear
 Q - 6 scrolls of immolation
Potions
 e - 2 potions of brilliance
 f - 6 potions of ambrosia
 n - a potion of cancellation
 o - 6 potions of might
 u - 8 potions of heal wounds
 A - 2 potions of magic
 I - 4 potions of mutation {!q}
 S - 4 potions of curing
 T - 6 potions of flight
Miscellaneous
 a - a phial of floods
 m - a sack of spiders
 s - a lightning rod (4/4)
 P - 2 boxes of beasts
 U - a phantom mirror
 Z - a lamp of fire
Comestibles
 X - 24 rations


   Skills:
 + Level 14.6 Fighting
 + Level 14.6 Short Blades
 + Level 14.6 Long Blades
 + Level 14.6 Axes
 + Level 14.6 Maces & Flails
 + Level 14.6 Polearms
 + Level 14.6 Staves
 + Level 14.6 Slings
 + Level 14.6 Bows
 + Level 14.6 Crossbows
 + Level 14.6 Throwing
 + Level 14.6 Armour
 + Level 15.2 Dodging
 + Level 15.1 Stealth
 + Level 14.6 Shields
 + Level 14.6 Unarmed Combat
 + Level 15.3 Spellcasting
 + Level 12.6 Conjurations
 + Level 12.6 Hexes
 + Level 12.6 Charms
 + Level 12.6 Summonings
 + Level 14.1 Necromancy
 + Level 12.6 Translocations
 + Level 12.6 Transmutations
 + Level 12.6 Fire Magic
 + Level 12.6 Ice Magic
 + Level 12.6 Air Magic
 + Level 12.6 Earth Magic
 + Level 12.6 Poison Magic
 + Level 15.7 Invocations
 + Level 14.6 Evocations


You couldn't memorise any spells.
You knew the following spells:

 Your Spells              Type           Power        Failure   Level  Hunger
g - Passage of Golubria   Tloc           N/A          1%          4    None
n - Animate Skeleton      Necr           N/A          0%          1    None
p - Passwall              Tmut/Erth      #######...   0%          2    None
r - Regeneration          Chrm/Necr      #######...   0%          3    None
s - Statue Form           Tmut/Erth      #######..    1%          6    None
v - Borgnjor's Vile Clut  Necr/Erth      #######...   1%          5    None
w - Spectral Weapon       Hex/Chrm       #######.     1%          3    None
y - Song of Slaying       Chrm           #######.     0%          2    None
A - Apportation           Tloc           ######       0%          1    None
B - Controlled Blink      Tloc           N/A          36%         8    #####..
D - Lee's Rapid Deconstr  Erth           #######...   1%          5    None
N - Animate Dead          Necr           N/A          1%          4    None
R - Irradiate             Conj/Tmut      #######...   1%          5    None
Z - Sublimation of Blood  Necr           #######...   0%          2    None


Dungeon Overview and Level Annotations

Branches:
Dungeon (15/15)            Temple (0/1) D:7            Lair (6/6) D:9
  Swamp (4/4) Lair:3       Spider (4/4) Lair:2        Slime (5/5) Lair:5
    Orc (2/2) D:12            Elf (0/3) Orc:2        Vaults (5/5) D:14
  Crypt (3/3) Vaults:3       Tomb (1/3) Crypt:3      Depths (0/5) D:15

Altars:
Cheibriados
Dithmenos
Fedhas
Gozag
Kikubaaqudgha
Nemelex Xobeh
Okawaru
Qazlal
Ru
Trog
Uskayaw
Xom
Yredelemnul
The Shining One
Jiyva

Shops:
D:12 =**(?   Orc:1 :   Orc:2 !!::   Vaults:3 (   Vaults:4 [

Annotations:
D:7 Apogee's ghost, novice MiBe
D:15 exclusion: fire giant


Innate Abilities, Weirdness & Mutations

Your experience applies equally to all skills.
You have very sharp teeth.
Your uncanny sense of smell can sniff out nearby items.
(You are partially covered in rugged brown scales. (AC +1, +3% HP))
Your skin changes colour to match your surroundings (Stealth+).
((You are covered in fur. (AC +1)))


Message History

You destroy the phantasmal warrior!
You destroy the greater mummy!
Cheibriados thoroughly appreciates the change of pace.
You feel extremely nervous for a moment...
Death has come for you...
The red devil disappears in a puff of smoke!
The golden dragon skeleton disappears in a puff of smoke!
The phantasmal warrior disappears in a puff of smoke!
The iron dragon zombie disappears in a puff of smoke!
The shadow wraith disappears in a puff of smoke!
You feel somewhat less full.
Cheibriados lowers the support of your attributes as your movement quickens.
The zombie hands constrict the greater mummy!
The sphinx hits you. You block the sphinx's attack.
The sphinx completely misses you.
The ushabti shakes and rattles deafeningly!
The sphinx casts a spell.
You resist with almost no effort.
The greater mummy struggles to escape constriction.
The sphinx mumbles some strange words.
The sphinx is healed somewhat.
You hear a shout!
You hear a hideous shriek!
A greater mummy comes into view.
Unknown command.
The zombie hands constrict the greater mummy!!
The zombie hands release their grip on the greater mummy.
The greater mummy casts a spell at you. Something smites you!
The greater mummy closely misses you.
The sphinx casts a spell.
The sphinx is healed somewhat.
The sphinx mumbles some strange words.
The sphinx is healed somewhat.
The sphinx mumbles some strange words.
The sphinx is healed somewhat.
You block the greater mummy's attack.
The sphinx casts a spell.
Something smites you!
* * * LOW HITPOINT WARNING * * *
The reaper barely misses you.
The greater mummy completely misses you.
The guardian mummy hits you!
* * * LOW HITPOINT WARNING * * *
The sphinx casts a spell.
You resist with almost no effort. You block the greater mummy's attack.
The sphinx mumbles some strange words.
The sphinx is healed somewhat.
A sphinx comes into view.
Unknown command.
As you read the scroll of holy word, it crumbles to dust.
You speak a Word of immense power!
The greater mummy convulses!
You destroy the greater mummy!
Cheibriados appreciates the change of pace.
You feel extremely nervous for a moment...
You feel weakened.
The greater mummy convulses!
The guardian mummy convulses!
You destroy the guardian mummy!
Cheibriados thoroughly appreciates the change of pace.
You feel extremely nervous for a moment...
You convulse helplessly as pain tears through your body!
* * * LOW HITPOINT WARNING * * *
The reaper convulses!
You block the sphinx's attack. The sphinx hits you but does no damage.
The sphinx closely misses you.
The greater mummy is lost in a daze.
The reaper misses you.
The sphinx casts a spell.
The sphinx is healed somewhat.
The ushabti shakes and rattles deafeningly!
The sphinx hits you.
* * * LOW HITPOINT WARNING * * *
The sphinx misses you. x2; You block the sphinx's attack.
The sphinx completely misses you. You block the sphinx's attack.
The greater mummy is lost in a daze.
The sphinx mumbles some strange words.
You suddenly lose the ability to move!
You hear a hideous shriek!
The sphinx hits you but does no damage. x6; The reaper is lost in a daze.
The sphinx hits you but does no damage. x2; The sphinx hits you.
* * * LOW HITPOINT WARNING * * *
The greater mummy completely misses you.
The sphinx hits you!
* * * LOW HITPOINT WARNING * * *
The sphinx hits you but does no damage. x3; The sphinx hits you.
* * * LOW HITPOINT WARNING * * *
The sphinx hits you.
* * * LOW HITPOINT WARNING * * *
The reaper hits you from afar with a scythe of protection!!
* * * LOW HITPOINT WARNING * * *
The sphinx mumbles some strange words.
Something smites you!
* * * LOW HITPOINT WARNING * * *
The sphinx casts a spell.
Something smites you!
* * * LOW HITPOINT WARNING * * *
The greater mummy hits you but does no damage.
A sphinx and a guardian mummy come into view.
The sphinx casts a spell.
You resist with almost no effort. The sphinx hits you but does no damage.
The sphinx hits you.
* * * LOW HITPOINT WARNING * * *
The sphinx hits you but does no damage.
The sphinx casts a spell.
Something smites you!
You die...

...................
....................
.....................
......................
......................
M.....................
.......2..............
......HH..............
.H...8H8..............
......HHM..............#
########.####.^........#
.## #..........# .
#..........#
#..........#
#..........#
#..........#
#..........#


You could see a greater mummy (dazed), 6 sphinxes, a reaper (dazed), a guardian
mummy and an ushabti.

Vanquished Creatures
  Dissolution (Slime:2)
  the Royal Jelly (Slime:5)
  3 ancient liches (Vaults:5)
  2 greater mummies (Tomb:1)
  the Lernaean hydra (Swamp:4)
  Jory (Crypt:3)
  A bone dragon (Vaults:3)
  Jorgrun (Spider:4)
  5 tentacled monstrosities (Vaults:5)
  A moon troll (WizLab)
  3 quicksilver dragons
  7 titans (Vaults:5)
  The ghost of braks the Fighter, an adept OgGl of Dithmenos (Swamp:3)
  17 acid blobs
  Kirke (D:11)
  10 tentacled starspawn
  3 sphinxes
  5 shadow dragons (Vaults:5)
  3 thorn hunters
  A revenant (Crypt:2)
  4 storm dragons (Vaults:5)
  3 tengu reavers (Vaults:5)
  11 azure jellies
  2 fire giants (Vaults:5)
  An iron dragon (Vaults:5)
  4 ghost moths (Spider:4)
  2 imperial myrmidons (Desolation)
  6 vault wardens
  A frost giant (Vaults:5)
  A deep elf elementalist (Vaults:5)
  7 emperor scorpions
  A cacodemon (WizLab)
  13 stone giants
  4 ironheart preservers
  3 entropy weavers
  15 very ugly things
  5 vampire knights (Crypt:3)
  31 slime creatures
  Nessos (D:12)
  A deep elf annihilator (Vaults:5)
  A spark wasp (Spider:4)
  A halazid warlock (Desolation)
  2 eidola (Crypt:2)
  2 ettins (Vaults:5)
  12 death oozes
  3 deep elf death magi
  2 blizzard demons (Abyss:5)
  13 great orbs of eyes
  5 yaktaur captains
  5 ogre magi
  4 crystal guardians
  7 ragged hierophants (Desolation)
  2 jiangshi (Crypt:3)
  Josephine (Swamp:1)
  2 deep elf high priests (Vaults:5)
  18 vault guards
  2 peacekeepers (Desolation)
  11 servants of whispers (Desolation)
  10 hydras
  3 centaur warriors
  24 two-headed ogres
  Erica (D:8)
  4 alligators
  A dancing weapon (Vaults:5)
  4 vampire magi
  The ghost of CLM the Destroyer, a novice DrFE of Vehumet (D:10)
  A death yak (shapeshifter) (Vaults:5)
  2 orc high priests
  3 thrashing horrors (Abyss:5)
  A titan zombie (Crypt:2)
  3 deep elf knights
  A sun demon (Abyss:5)
  Sonja (Lair:2)
  A wretched star (WizLab)
  A spriggan (Swamp:2)
  3 shadow wraiths
  2 deep trolls (Vaults:2)
  An anaconda zombie (Crypt:1)
  6 skeletal warriors
  2 unseen horrors (Abyss:5)
  11 swamp dragons
  9 glowing orange brains
  An orange crystal statue (WizLab)
  4 deep elf archers
  A shambling mangrove (Swamp:1)
  3 necromancers
  2 orc knights
  9 ironbrand convokers
  A lindwurm (shapeshifter) (Vaults:3)
  7 deep elf magi
  6 phantasmal warriors
  15 wolf spiders
  8 ugly things
  6 orc sorcerers
  A frost giant zombie (Crypt:2)
  A cyclops (D:14)
  2 shining eyes (Slime:5)
  4 orb spiders
  A fire giant skeleton (Crypt:2)
  An ice statue (IceCv)
  A manticore (D:12)
  5 smoke demons (Abyss:5)
  5 eyes of devastation
  2 apocalypse crabs (Abyss:5)
  4 guardian serpents (Desolation)
  A torpor snail (Lair:5)
  An orange demon (Abyss:5)
  A centaur skeleton (D:12)
  3 spiny frogs
  A spiny frog (shapeshifter) (Vaults:4)
  2 gargoyles (D:14)
  A grey draconian zombie (Crypt:2)
  2 kobold demonologists (D:9)
  2 vault sentinels
  A rime drake (Lair:4)
  2 molten gargoyles (Desolation)
  26 yaktaurs
  A komodo dragon (shapeshifter) (D:15)
  A komodo dragon (Lair:4)
  5 demonic crawlers
  A red devil (Abyss:5)
  14 freezing wraiths
  3 guardian mummies (Tomb:1)
  2 tengu conjurers (D:15)
  2 hellwings (Abyss:5)
  An ancient zyme (Abyss:5)
  7 trolls
  A tyrant leech (shapeshifter) (D:15)
  A wolf spider simulacrum (IceCv)
  15 jumping spiders
  Prince Ribbit (D:9)
  An iron dragon simulacrum (Crypt:1)
  Grinder (D:4)
  3 tyrant leeches (Swamp:1)
  A moth of wrath zombie (Crypt:2)
  51 saltlings (Desolation)
  3 bog bodies
  2 hornets
  A meliai zombie (D:11)
  A fire dragon zombie (Crypt:2)
  11 blink frogs
  5 raiju (Abyss:5)
  4 hippogriffs
  A shadow (D:13)
  46 redbacks
  6 flying skulls
  A guardian serpent skeleton (Crypt:2)
  A vampire (D:9)
  12 wraiths
  18 starcursed masses
  24 yaks
  A wyvern (D:14)
  3 hogs
  3 basilisks
  2 golden eyes (WizLab)
  2 hungry ghosts
  23 tarantellas
  19 vampire mosquitoes
  4 neqoxecs
  2 wargs
  8 swamp worms
  2 water moccasins (Lair:1)
  4 porcupines
  7 swamp drakes
  2 eyes of draining
  29 orc warriors
  7 sky beasts
  20 ice beasts
  2 black bears
  15 ogres
  2 necrophages
  A wolf (D:9)
  A blink frog skeleton (Crypt:2)
  7 centaurs
  4 crocodiles
  A torpor snail zombie (Crypt:2)
  A fire crab zombie (Crypt:1)
  8 bullfrogs
  6 scorpions
  2 small abominations (Abyss:5)
  18 wights
  6 electric eels
  3 howler monkeys (D:14)
  3 crimson imps
  6 draconian simulacra (IceCv)
  7 hounds
  A human zombie (Crypt:2)
  34 orc priests
  2 bullfrog skeletons
  4 jellies
  47 orc wizards
  3 iguanas
  A spriggan simulacrum (IceCv)
  A polar bear simulacrum (IceCv)
  4 worker ants
  4 troll simulacra (IceCv)
  2 wolf simulacra (IceCv)
  5 centaur simulacra (IceCv)
  A hound skeleton (D:11)
  3 mummies (Tomb:1)
  8 gnolls
  A howler monkey skeleton (D:5)
  2 naga simulacra (IceCv)
  10 adders
  2 ogre simulacra (IceCv)
  5 shadow imps
  15 white imps
  An ufetubus (D:11)
  9 oozes
  2 worms
  3 leopard geckos
  65 orcs
  6 bats
  3 giant cockroaches
  A goblin (D:3)
  3 hobgoblins (D:1)
  9 jackals
  4 kobolds
  2 quokkas
  2 ball pythons
  5 frilled lizards
  A leopard gecko skeleton (D:5)
  3 rats
  A lurking horror (Abyss:5)
  2 spectral weapons (Orc:2)
  8 starspawn tentacles
1270 creatures vanquished.

Vanquished Creatures (collateral kills)
  A yaktaur captain (Vaults:5)
  A hydra (Swamp:4)
  A swamp dragon (Swamp:4)
  2 orb spiders (Spider:4)
  4 wolf spiders
  A kobold demonologist (D:9)
  A troll (D:12)
  5 jumping spiders
  23 redbacks
  2 swamp worms (Swamp:4)
  A wight (D:12)
  An adder (D:12)
  A kobold (D:2)
44 creatures vanquished.

Vanquished Creatures (others)
  A sphinx (Vaults:5)
  An ettin (Vaults:5)
  A vault guard (Vaults:5)
  An ogre mage (Vaults:5)
  A tarantella (Spider:1)
  An orc warrior (Orc:2)
  An orc priest (Orc:2)
  An orc wizard (Orc:1)
  3 demonic plants (WizLab)
  A fungus (Lair:1)
  23 starspawn tentacles
  2 withered plants (D:12)
37 creatures vanquished.

Grand Total: 1351 creatures vanquished

Notes
Turn   | Place    | Note
-------+----------+-------------------------------------------
     0 | D:1      | tidbits the Gnoll Necromancer began the quest for the Orb.
     0 | D:1      | Reached XP level 1. HP: 13/13 MP: 6/6
    20 | D:2      | Reached XP level 2. HP: 10/20 MP: 0/7
    66 | D:1      | Learned a level 1 spell: Animate Skeleton
   152 | D:1      | HP: 1/20 [ooze (2)]
   269 | D:1      | Reached XP level 3. HP: 8/25 MP: 6/9
   314 | D:1      | Reached skill level 5 in Spellcasting
   365 | D:2      | Found a stormy altar of Qazlal.
   395 | D:2      | Learned a level 3 spell: Regeneration
   400 | D:2      | Learned a level 3 spell: Vampiric Draining
   476 | D:2      | Reached skill level 1 in Invocations
   543 | D:3      | Found a snail-covered altar of Cheibriados.
   551 | D:3      | Became a worshipper of Cheibriados the Contemplative
   566 | D:3      | Reached skill level 1 in Fighting
   566 | D:3      | Reached skill level 1 in Short Blades
   566 | D:3      | Reached skill level 1 in Long Blades
   566 | D:3      | Reached skill level 1 in Axes
   566 | D:3      | Reached skill level 1 in Maces & Flails
   566 | D:3      | Reached skill level 1 in Polearms
   566 | D:3      | Reached skill level 1 in Staves
   566 | D:3      | Reached skill level 1 in Slings
   566 | D:3      | Reached skill level 1 in Bows
   566 | D:3      | Reached skill level 1 in Crossbows
   566 | D:3      | Reached skill level 1 in Throwing
   566 | D:3      | Reached skill level 1 in Armour
   566 | D:3      | Reached skill level 1 in Shields
   566 | D:3      | Reached skill level 1 in Unarmed Combat
   566 | D:3      | Reached skill level 1 in Evocations
   569 | D:3      | Found a basalt altar of Yredelemnul.
   581 | D:3      | Found a hide-covered altar of Uskayaw.
   607 | D:3      | Found an iron altar of Okawaru.
   615 | D:3      | Found a shadowy altar of Dithmenos.
   658 | D:3      | Reached XP level 4. HP: 29/32 MP: 6/11
   883 | D:5      | Entered Level 5 of the Dungeon
   946 | D:4      | Reached skill level 1 in Conjurations
   946 | D:4      | Reached skill level 1 in Hexes
   946 | D:4      | Reached skill level 1 in Charms
   946 | D:4      | Reached skill level 1 in Summonings
   946 | D:4      | Reached skill level 1 in Translocations
   946 | D:4      | Reached skill level 1 in Transmutations
   946 | D:4      | Reached skill level 1 in Fire Magic
   946 | D:4      | Reached skill level 1 in Ice Magic
   946 | D:4      | Reached skill level 1 in Air Magic
   946 | D:4      | Reached skill level 1 in Earth Magic
   946 | D:4      | Reached skill level 1 in Poison Magic
   946 | D:4      | Reached XP level 5. HP: 31/37 MP: 2/12
   976 | D:4      | Noticed Grinder
  1014 | D:3      | Reached * piety under Cheibriados
  1071 | D:4      | Noticed an ogre
  1083 | D:4      | Killed an ogre
  1083 | D:4      | Reached skill level 2 in Invocations
  1083 | D:4      | Reached XP level 6. HP: 34/44 MP: 0/13
  1207 | D:5      | Reached skill level 5 in Dodging
  1316 | D:5      | Reached skill level 2 in Fighting
  1316 | D:5      | Reached skill level 2 in Short Blades
  1316 | D:5      | Reached skill level 2 in Long Blades
  1316 | D:5      | Reached skill level 2 in Axes
  1316 | D:5      | Reached skill level 2 in Maces & Flails
  1316 | D:5      | Reached skill level 2 in Polearms
  1316 | D:5      | Reached skill level 2 in Staves
  1316 | D:5      | Reached skill level 2 in Slings
  1316 | D:5      | Reached skill level 2 in Bows
  1316 | D:5      | Reached skill level 2 in Crossbows
  1316 | D:5      | Reached skill level 2 in Throwing
  1316 | D:5      | Reached skill level 2 in Armour
  1316 | D:5      | Reached skill level 2 in Shields
  1316 | D:5      | Reached skill level 2 in Unarmed Combat
  1316 | D:5      | Reached skill level 2 in Evocations
  1320 | D:5      | Found a bloodstained altar of Trog.
  1456 | D:6      | Noticed an ice beast
  1480 | D:5      | Reached XP level 7. HP: 38/50 MP: 8/15
  1678 | D:4      | Gained mutation: You are covered in fur. (AC +1) [potion of mutation]
  1678 | D:4      | Gained mutation: Your spells are a little harder to cast, but a little more powerful. [potion of mutation]
  1678 | D:4      | Gained mutation: You are partially covered in rugged brown scales. (AC +1, +3% HP) [potion of mutation]
  1678 | D:4      | Gained mutation: Your skin changes colour to match your surroundings (Stealth+). [potion of mutation]
  1690 | D:4      | Killed Grinder
  1690 | D:4      | Reached skill level 5 in Stealth
  1690 | D:4      | Reached skill level 2 in Conjurations
  1690 | D:4      | Reached skill level 2 in Hexes
  1690 | D:4      | Reached skill level 2 in Charms
  1690 | D:4      | Reached skill level 2 in Summonings
  1690 | D:4      | Reached skill level 2 in Translocations
  1690 | D:4      | Reached skill level 2 in Transmutations
  1690 | D:4      | Reached skill level 2 in Fire Magic
  1690 | D:4      | Reached skill level 2 in Ice Magic
  1690 | D:4      | Reached skill level 2 in Air Magic
  1690 | D:4      | Reached skill level 2 in Earth Magic
  1690 | D:4      | Reached skill level 2 in Poison Magic
  1690 | D:4      | Reached skill level 3 in Invocations
  1789 | D:6      | Learned a level 5 spell: Borgnjor's Vile Clutch
  1870 | D:6      | Reached ** piety under Cheibriados
  1870 | D:6      | Reached XP level 8. HP: 58/58 MP: 10/16
  1972 | D:7      | Found a glowing golden altar of the Shining One.
  1974 | D:7      | Found an opulent altar of Gozag.
  1976 | D:7      | Found a sacrificial altar of Ru.
  1978 | D:7      | Found an ancient bone altar of Kikubaaqudgha.
  1990 | D:7      | Found a staircase to the Ecumenical Temple.
  2029 | D:7      | Reached skill level 3 in Fighting
  2029 | D:7      | Reached skill level 3 in Short Blades
  2029 | D:7      | Reached skill level 3 in Long Blades
  2029 | D:7      | Reached skill level 3 in Axes
  2029 | D:7      | Reached skill level 3 in Maces & Flails
  2029 | D:7      | Reached skill level 3 in Polearms
  2029 | D:7      | Reached skill level 3 in Staves
  2029 | D:7      | Reached skill level 3 in Slings
  2029 | D:7      | Reached skill level 3 in Bows
  2029 | D:7      | Reached skill level 3 in Crossbows
  2029 | D:7      | Reached skill level 3 in Throwing
  2029 | D:7      | Reached skill level 3 in Armour
  2029 | D:7      | Reached skill level 3 in Shields
  2029 | D:7      | Reached skill level 3 in Unarmed Combat
  2029 | D:7      | Reached skill level 3 in Evocations
  2132 | D:8      | Reached skill level 6 in Spellcasting
  2148 | D:8      | Noticed Erica
  2155 | D:8      | Noticed a yak
  2158 | D:8      | Killed Erica
  2158 | D:8      | Reached skill level 6 in Dodging
  2158 | D:8      | Reached skill level 3 in Conjurations
  2158 | D:8      | Reached skill level 3 in Hexes
  2158 | D:8      | Reached skill level 3 in Charms
  2158 | D:8      | Reached skill level 3 in Summonings
  2158 | D:8      | Reached skill level 3 in Translocations
  2158 | D:8      | Reached skill level 3 in Transmutations
  2158 | D:8      | Reached skill level 3 in Fire Magic
  2158 | D:8      | Reached skill level 3 in Ice Magic
  2158 | D:8      | Reached skill level 3 in Air Magic
  2158 | D:8      | Reached skill level 3 in Earth Magic
  2158 | D:8      | Reached skill level 3 in Poison Magic
  2158 | D:8      | Reached skill level 4 in Invocations
  2158 | D:8      | Reached XP level 9. HP: 59/66 MP: 7/18
  2162 | D:8      | Reached skill level 4 in Fighting
  2162 | D:8      | Reached skill level 4 in Short Blades
  2162 | D:8      | Reached skill level 4 in Long Blades
  2162 | D:8      | Reached skill level 4 in Axes
  2162 | D:8      | Reached skill level 4 in Maces & Flails
  2162 | D:8      | Reached skill level 4 in Polearms
  2162 | D:8      | Reached skill level 4 in Staves
  2162 | D:8      | Reached skill level 4 in Slings
  2162 | D:8      | Reached skill level 4 in Bows
  2162 | D:8      | Reached skill level 4 in Crossbows
  2162 | D:8      | Reached skill level 4 in Throwing
  2162 | D:8      | Reached skill level 4 in Armour
  2162 | D:8      | Reached skill level 4 in Shields
  2162 | D:8      | Reached skill level 4 in Unarmed Combat
  2162 | D:8      | Reached skill level 4 in Evocations
  2236 | D:7      | Noticed Apogee's ghost (novice MiBe)
  2275 | D:8      | Reached *** piety under Cheibriados
  2329 | D:8      | Found a bloodstained altar of Trog.
  2346 | D:8      | Reached skill level 6 in Stealth
  2346 | D:8      | Reached skill level 8 in Necromancy
  2429 | D:8      | Reached **** piety under Cheibriados
  2429 | D:8      | Reached skill level 5 in Invocations
  2454 | D:9      | Found a transporter.
  2457 | D:9      | Noticed a kobold demonologist
  2458 | D:9      | Noticed an orc high priest
  2468 | D:9      | Noticed a kobold demonologist
  2472 | D:9      | Noticed a deep elf knight
  2478 | D:9      | Found a transporter.
  2478 | D:9      | Noticed Prince Ribbit
  2493 | D:9      | Killed Prince Ribbit
  2532 | D:9      | Noticed a kobold demonologist
  2532 | D:9      | Noticed a troll
  2542 | D:9      | Reached XP level 10. HP: 75/75 MP: 17/20
  2564 | D:9      | Reached skill level 7 in Spellcasting
  2564 | D:9      | Reached skill level 4 in Conjurations
  2564 | D:9      | Reached skill level 4 in Hexes
  2564 | D:9      | Reached skill level 4 in Charms
  2564 | D:9      | Reached skill level 4 in Summonings
  2564 | D:9      | Reached skill level 4 in Translocations
  2564 | D:9      | Reached skill level 4 in Transmutations
  2564 | D:9      | Reached skill level 4 in Fire Magic
  2564 | D:9      | Reached skill level 4 in Ice Magic
  2564 | D:9      | Reached skill level 4 in Air Magic
  2564 | D:9      | Reached skill level 4 in Earth Magic
  2564 | D:9      | Reached skill level 4 in Poison Magic
  2614 | D:9      | Killed a kobold demonologist
  2625 | D:9      | Killed a kobold demonologist
  2625 | D:9      | Reached skill level 5 in Fighting
  2625 | D:9      | Reached skill level 5 in Short Blades
  2625 | D:9      | Reached skill level 5 in Long Blades
  2625 | D:9      | Reached skill level 5 in Axes
  2625 | D:9      | Reached skill level 5 in Maces & Flails
  2625 | D:9      | Reached skill level 5 in Polearms
  2625 | D:9      | Reached skill level 5 in Staves
  2625 | D:9      | Reached skill level 5 in Slings
  2625 | D:9      | Reached skill level 5 in Bows
  2625 | D:9      | Reached skill level 5 in Crossbows
  2625 | D:9      | Reached skill level 5 in Throwing
  2625 | D:9      | Reached skill level 5 in Armour
  2625 | D:9      | Reached skill level 5 in Shields
  2625 | D:9      | Reached skill level 5 in Unarmed Combat
  2625 | D:9      | Reached skill level 5 in Evocations
  2625 | D:9      | Killed a kobold demonologist
  2634 | D:9      | Killed an orc high priest
  2634 | D:9      | Reached skill level 7 in Dodging
  2638 | D:9      | Killed a deep elf knight
  2728 | D:9      | Reached skill level 6 in Invocations
  2731 | D:9      | Reached skill level 7 in Stealth
  2768 | D:10     | Entered Level 10 of the Dungeon
  2799 | D:10     | Noticed CLM's ghost (novice DrFE)
  2861 | D:10     | Noticed a two-headed ogre
  2868 | D:10     | Killed a two-headed ogre
  2894 | D:9      | Reached XP level 11. HP: 70/83 MP: 16/22
  3004 | D:11     | Reached ***** piety under Cheibriados
  3147 | D:11     | Found a flickering gateway to a bazaar.
  3156 | Bazaar   | Entered a bazaar
  3158 | Bazaar   | Found Reilupor's Antique Armour Boutique.
  3162 | Bazaar   | Found Cabi's Weapon Boutique.
  3162 | Bazaar   | Found Bugon's Distillery.
  3162 | Bazaar   | Found Onu Leih's Book Boutique.
  3190 | Bazaar   | Bought a book of Geomancy for 420 gold pieces
  3193 | Bazaar   | Learned a level 2 spell: Passwall
  3199 | Bazaar   | Learned a level 5 spell: Lee's Rapid Deconstruction
  3228 | D:11     | Reached skill level 6 in Fighting
  3228 | D:11     | Reached skill level 6 in Short Blades
  3228 | D:11     | Reached skill level 6 in Long Blades
  3228 | D:11     | Reached skill level 6 in Axes
  3228 | D:11     | Reached skill level 6 in Maces & Flails
  3228 | D:11     | Reached skill level 6 in Polearms
  3228 | D:11     | Reached skill level 6 in Staves
  3228 | D:11     | Reached skill level 6 in Slings
  3228 | D:11     | Reached skill level 6 in Bows
  3228 | D:11     | Reached skill level 6 in Crossbows
  3228 | D:11     | Reached skill level 6 in Throwing
  3228 | D:11     | Reached skill level 6 in Armour
  3228 | D:11     | Reached skill level 6 in Shields
  3228 | D:11     | Reached skill level 6 in Unarmed Combat
  3228 | D:11     | Reached skill level 6 in Evocations
  3237 | D:12     | Noticed Kirke
  3243 | D:11     | Reached skill level 5 in Conjurations
  3243 | D:11     | Reached skill level 5 in Hexes
  3243 | D:11     | Reached skill level 5 in Charms
  3243 | D:11     | Reached skill level 5 in Summonings
  3243 | D:11     | Reached skill level 5 in Translocations
  3243 | D:11     | Reached skill level 5 in Transmutations
  3243 | D:11     | Reached skill level 5 in Fire Magic
  3243 | D:11     | Reached skill level 5 in Ice Magic
  3243 | D:11     | Reached skill level 5 in Air Magic
  3243 | D:11     | Reached skill level 5 in Earth Magic
  3243 | D:11     | Reached skill level 5 in Poison Magic
  3250 | D:11     | Noticed a sphinx
  3253 | D:11     | Noticed a manticore
  3287 | D:11     | Found a sparkling altar of Nemelex Xobeh.
  3321 | D:12     | Noticed a red ugly thing
  3330 | D:12     | Killed a red ugly thing
  3330 | D:12     | Reached skill level 8 in Spellcasting
  3356 | D:12     | Found Luar's Jewellery Emporium.
  3366 | D:12     | Got a crude hand crossbow
  3450 | D:12     | Noticed a purple ugly thing
  3454 | D:12     | Found a staircase to the Orcish Mines.
  3455 | D:12     | Found Jazab's General Store.
  3466 | D:12     | Killed a purple ugly thing
  3466 | D:12     | Reached skill level 9 in Necromancy
  3466 | D:12     | Reached skill level 7 in Invocations
  3469 | D:12     | Noticed a manticore
  3477 | D:12     | Killed a manticore
  3477 | D:12     | Reached skill level 8 in Dodging
  3503 | D:12     | Found a basalt altar of Yredelemnul.
  3505 | D:12     | Found Cenataor's Weapon Shoppe.
  3509 | D:12     | Noticed Nessos
  3517 | D:12     | Killed Nessos
  3567 | D:12     | Found Xuontemn's Magic Scroll Shoppe.
  3594 | D:12     | Bought a scroll of amnesia for 56 gold pieces
  3594 | D:12     | Bought a scroll of remove curse for 48 gold pieces
  3594 | D:12     | Bought a scroll of immolation for 56 gold pieces
  3594 | D:12     | Bought a scroll of teleportation for 48 gold pieces
  3594 | D:12     | Bought a scroll of identify for 32 gold pieces
  3653 | D:13     | Reached skill level 8 in Stealth
  3663 | D:13     | Reached XP level 12. HP: 88/91 MP: 15/24
  3726 | D:13     | You fall through a shaft for 2 floors!
  3726 | D:15     | Entered Level 15 of the Dungeon
  3747 | D:15     | Found a shimmering altar of Xom.
  3759 | D:15     | Found a basalt altar of Yredelemnul.
  3772 | D:15     | Noticed a centaur warrior
  3780 | D:15     | Killed a centaur warrior
  3798 | D:15     | Identified the +9 hand crossbow of the Fulmar {elec, Str+5} (You found it on level 12 of the Dungeon)
  3870 | D:15     | Reached skill level 7 in Fighting
  3870 | D:15     | Reached skill level 7 in Short Blades
  3870 | D:15     | Reached skill level 7 in Long Blades
  3870 | D:15     | Reached skill level 7 in Axes
  3870 | D:15     | Reached skill level 7 in Maces & Flails
  3870 | D:15     | Reached skill level 7 in Polearms
  3870 | D:15     | Reached skill level 7 in Staves
  3870 | D:15     | Reached skill level 7 in Slings
  3870 | D:15     | Reached skill level 7 in Bows
  3870 | D:15     | Reached skill level 7 in Crossbows
  3870 | D:15     | Reached skill level 7 in Throwing
  3870 | D:15     | Reached skill level 7 in Armour
  3870 | D:15     | Reached skill level 7 in Shields
  3870 | D:15     | Reached skill level 7 in Unarmed Combat
  3870 | D:15     | Reached skill level 7 in Evocations
  3893 | D:15     | Found a staircase to the Depths.
  3893 | D:15     | Noticed a fire giant
  3995 | D:14     | Found a blossoming altar of Fedhas.
  4015 | D:14     | Noticed a two-headed ogre
  4022 | D:14     | Killed a two-headed ogre
  4022 | D:14     | Reached skill level 6 in Conjurations
  4022 | D:14     | Reached skill level 6 in Hexes
  4022 | D:14     | Reached skill level 6 in Charms
  4022 | D:14     | Reached skill level 6 in Summonings
  4022 | D:14     | Reached skill level 6 in Translocations
  4022 | D:14     | Reached skill level 6 in Transmutations
  4022 | D:14     | Reached skill level 6 in Fire Magic
  4022 | D:14     | Reached skill level 6 in Ice Magic
  4022 | D:14     | Reached skill level 6 in Air Magic
  4022 | D:14     | Reached skill level 6 in Earth Magic
  4022 | D:14     | Reached skill level 6 in Poison Magic
  4026 | D:14     | Reached ****** piety under Cheibriados
  4028 | D:14     | Reached skill level 8 in Invocations
  4033 | D:14     | Reached skill level 9 in Spellcasting
  4043 | D:14     | Noticed a vault guard
  4045 | D:14     | Noticed a vault guard
  4138 | D:14     | Learned a level 3 spell: Spectral Weapon
  4221 | Orc:1    | Entered Level 1 of the Orcish Mines
  4370 | Orc:1    | Paralysed by an orc sorcerer for 6 turns
  4377 | Orc:1    | Reached skill level 9 in Dodging
  4452 | Orc:2    | Entered Level 2 of the Orcish Mines
  4494 | Orc:2    | Reached XP level 13. HP: 100/100 MP: 20/26
  4517 | Orc:1    | Found a frozen archway.
  4521 | Orc:1    | Reached skill level 9 in Stealth
  4522 | Orc:1    | Found Qul Fahu's Book Shoppe.
  4546 | IceCv    | Entered an ice cave
  4655 | IceCv    | Reached skill level 8 in Fighting
  4655 | IceCv    | Reached skill level 8 in Short Blades
  4655 | IceCv    | Reached skill level 8 in Long Blades
  4655 | IceCv    | Reached skill level 8 in Axes
  4655 | IceCv    | Reached skill level 8 in Maces & Flails
  4655 | IceCv    | Reached skill level 8 in Polearms
  4655 | IceCv    | Reached skill level 8 in Staves
  4655 | IceCv    | Reached skill level 8 in Slings
  4655 | IceCv    | Reached skill level 8 in Bows
  4655 | IceCv    | Reached skill level 8 in Crossbows
  4655 | IceCv    | Reached skill level 8 in Throwing
  4655 | IceCv    | Reached skill level 8 in Armour
  4655 | IceCv    | Reached skill level 8 in Shields
  4655 | IceCv    | Reached skill level 8 in Unarmed Combat
  4655 | IceCv    | Reached skill level 8 in Evocations
  4776 | IceCv    | Identified Sif Muna's Catalogue of Cold
  4810 | IceCv    | Found an ancient bone altar of Kikubaaqudgha.
  4989 | Orc:2    | Found a staircase to the Elven Halls.
  4996 | Orc:2    | Reached skill level 9 in Invocations
  5084 | Orc:2    | Reached skill level 10 in Necromancy
  5173 | Orc:2    | Reached skill level 7 in Conjurations
  5173 | Orc:2    | Reached skill level 7 in Hexes
  5173 | Orc:2    | Reached skill level 7 in Charms
  5173 | Orc:2    | Reached skill level 7 in Summonings
  5173 | Orc:2    | Reached skill level 7 in Translocations
  5173 | Orc:2    | Reached skill level 7 in Transmutations
  5173 | Orc:2    | Reached skill level 7 in Fire Magic
  5173 | Orc:2    | Reached skill level 7 in Ice Magic
  5173 | Orc:2    | Reached skill level 7 in Air Magic
  5173 | Orc:2    | Reached skill level 7 in Earth Magic
  5173 | Orc:2    | Reached skill level 7 in Poison Magic
  5232 | Orc:2    | Found Ujueneol's Distillery.
  5232 | Orc:2    | Found Gopuahi's Book Shop.
  5232 | Orc:2    | Found Nixaohy's Book Shop.
  5237 | Orc:2    | Found Aqaxzeim's Distillery.
  5485 | Orc:2    | Bought a book of Transfigurations for 715 gold pieces
  5485 | Orc:2    | Bought a book of Cantrips for 260 gold pieces
  5492 | Orc:2    | Learned a level 6 spell: Statue Form
  5494 | Orc:2    | Learned a level 1 spell: Apportation
  5500 | Orc:2    | Bought a potion of resistance for 150 gold pieces
  5500 | Orc:2    | Bought a potion of might for 60 gold pieces
  5543 | D:12     | Bought a scroll of identify for 30 gold pieces
  5563 | D:12     | Found Jainkeibay's General Store.
  5712 | D:9      | Found a staircase to the Lair.
  5751 | Lair:1   | Entered Level 1 of the Lair of Beasts
  5841 | Lair:2   | Noticed Sonja
  5847 | Lair:2   | Killed Sonja
  5847 | Lair:2   | Reached skill level 10 in Spellcasting
  5857 | Lair:2   | Reached XP level 14. HP: 109/109 MP: 9/28
  5894 | Lair:2   | Found a hole to the Spider Nest.
  5918 | Spider:1 | Entered Level 1 of the Spider Nest
  5934 | Spider:1 | Learned a level 4 spell: Animate Dead
  6006 | Spider:1 | Reached skill level 10 in Dodging
  6094 | Spider:1 | Noticed an emperor scorpion
  6097 | Spider:1 | Reached skill level 9 in Fighting
  6097 | Spider:1 | Reached skill level 9 in Short Blades
  6097 | Spider:1 | Reached skill level 9 in Long Blades
  6097 | Spider:1 | Reached skill level 9 in Axes
  6097 | Spider:1 | Reached skill level 9 in Maces & Flails
  6097 | Spider:1 | Reached skill level 9 in Polearms
  6097 | Spider:1 | Reached skill level 9 in Staves
  6097 | Spider:1 | Reached skill level 9 in Slings
  6097 | Spider:1 | Reached skill level 9 in Bows
  6097 | Spider:1 | Reached skill level 9 in Crossbows
  6097 | Spider:1 | Reached skill level 9 in Throwing
  6097 | Spider:1 | Reached skill level 9 in Armour
  6097 | Spider:1 | Reached skill level 9 in Shields
  6097 | Spider:1 | Reached skill level 9 in Unarmed Combat
  6097 | Spider:1 | Reached skill level 9 in Evocations
  6102 | Spider:1 | Killed an emperor scorpion
  6149 | Spider:1 | Got an ancient flail
  6152 | Spider:1 | Reached skill level 10 in Stealth
  6269 | Spider:2 | Reached skill level 10 in Invocations
  6322 | Spider:4 | Entered Level 4 of the Spider Nest
  6322 | Spider:4 | Noticed an entropy weaver
  6327 | Spider:4 | Killed an entropy weaver
  6353 | Spider:4 | Noticed Jorgrun
  6368 | Spider:4 | Killed Jorgrun
  6410 | Spider:4 | Noticed an emperor scorpion
  6425 | Spider:4 | Killed an emperor scorpion
  6425 | Spider:4 | Reached skill level 8 in Conjurations
  6425 | Spider:4 | Reached skill level 8 in Hexes
  6425 | Spider:4 | Reached skill level 8 in Charms
  6425 | Spider:4 | Reached skill level 8 in Summonings
  6425 | Spider:4 | Reached skill level 8 in Translocations
  6425 | Spider:4 | Reached skill level 8 in Transmutations
  6425 | Spider:4 | Reached skill level 8 in Fire Magic
  6425 | Spider:4 | Reached skill level 8 in Ice Magic
  6425 | Spider:4 | Reached skill level 8 in Air Magic
  6425 | Spider:4 | Reached skill level 8 in Earth Magic
  6425 | Spider:4 | Reached skill level 8 in Poison Magic
  6425 | Spider:4 | Reached XP level 15. HP: 117/117 MP: 4/29
  6492 | Spider:4 | Noticed an emperor scorpion
  6499 | Spider:4 | Killed an emperor scorpion
  6541 | Spider:4 | Noticed an emperor scorpion
  6551 | Spider:4 | Killed an emperor scorpion
  6563 | Spider:4 | Noticed an emperor scorpion
  6564 | Spider:4 | Killed a ghost moth
  6574 | Spider:4 | Killed an emperor scorpion
  6584 | Spider:4 | Noticed an emperor scorpion
  6589 | Spider:4 | Killed a ghost moth
  6589 | Spider:4 | Reached skill level 11 in Spellcasting
  6593 | Spider:4 | Killed a ghost moth
  6596 | Spider:4 | Killed an emperor scorpion
  6614 | Spider:4 | Got a gossamer rune of Zot
  6644 | Spider:4 | Killed a ghost moth
  6644 | Spider:4 | Reached skill level 10 in Fighting
  6644 | Spider:4 | Reached skill level 10 in Short Blades
  6644 | Spider:4 | Reached skill level 10 in Long Blades
  6644 | Spider:4 | Reached skill level 10 in Axes
  6644 | Spider:4 | Reached skill level 10 in Maces & Flails
  6644 | Spider:4 | Reached skill level 10 in Polearms
  6644 | Spider:4 | Reached skill level 10 in Staves
  6644 | Spider:4 | Reached skill level 10 in Slings
  6644 | Spider:4 | Reached skill level 10 in Bows
  6644 | Spider:4 | Reached skill level 10 in Crossbows
  6644 | Spider:4 | Reached skill level 10 in Throwing
  6644 | Spider:4 | Reached skill level 10 in Armour
  6644 | Spider:4 | Reached skill level 10 in Shields
  6644 | Spider:4 | Reached skill level 10 in Unarmed Combat
  6644 | Spider:4 | Reached skill level 10 in Evocations
  6691 | Spider:4 | Noticed an emperor scorpion
  6694 | Spider:4 | Killed an emperor scorpion
  6738 | Spider:3 | Got a warped dagger
  6743 | Spider:2 | Reached skill level 11 in Dodging
  6785 | Lair:2   | Identified the +5 dagger of a ziggurat {holy, Dex+4} (You found it on level 3 of the Spider Nest)
  6969 | Lair:3   | Found a staircase to the Swamp.
  6983 | Lair:3   | Learned a level 5 spell: Irradiate
  6987 | Swamp:1  | Entered Level 1 of the Swamp
  7003 | Swamp:1  | Reached skill level 11 in Necromancy
  7009 | Swamp:1  | Noticed Josephine
  7020 | Swamp:1  | Killed Josephine
  7020 | Swamp:1  | Reached skill level 11 in Invocations
  7064 | Swamp:1  | Reached skill level 11 in Stealth
  7114 | Swamp:2  | Noticed a thorn hunter
  7119 | Swamp:2  | Killed a thorn hunter
  7121 | Swamp:2  | Noticed a thorn hunter
  7127 | Swamp:2  | Killed a thorn hunter
  7127 | Swamp:2  | Reached XP level 16. HP: 124/125 MP: 16/31
  7201 | Swamp:3  | Noticed braks's ghost (adept OgGl)
  7210 | Swamp:3  | Noticed a thorn hunter
  7211 | Swamp:3  | Killed braks's ghost
  7214 | Swamp:3  | Killed a thorn hunter
  7235 | Swamp:4  | Entered Level 4 of the Swamp
  7360 | Swamp:4  | Noticed the 27-headed Lernaean hydra
  7366 | Swamp:4  | Killed the 27-headed Lernaean hydra
  7366 | Swamp:4  | Reached skill level 9 in Conjurations
  7366 | Swamp:4  | Reached skill level 9 in Hexes
  7366 | Swamp:4  | Reached skill level 9 in Charms
  7366 | Swamp:4  | Reached skill level 9 in Summonings
  7366 | Swamp:4  | Reached skill level 9 in Translocations
  7366 | Swamp:4  | Reached skill level 9 in Transmutations
  7366 | Swamp:4  | Reached skill level 9 in Fire Magic
  7366 | Swamp:4  | Reached skill level 9 in Ice Magic
  7366 | Swamp:4  | Reached skill level 9 in Air Magic
  7366 | Swamp:4  | Reached skill level 9 in Earth Magic
  7366 | Swamp:4  | Reached skill level 9 in Poison Magic
  7444 | Swamp:4  | Identified the +8 flail of Ashenzari's Regard {crush, Str+2} (You found it on level 1 of the Spider Nest)
  7463 | Swamp:4  | Got a decaying rune of Zot
  7752 | Lair:6   | Entered Level 6 of the Lair of Beasts
  7783 | Lair:5   | Found a staircase to the Slime Pits.
  7822 | Slime:1  | Entered Level 1 of the Pits of Slime
  7822 | Slime:1  | Noticed an azure jelly
  7828 | Slime:1  | Killed an azure jelly
  7829 | Slime:1  | Noticed an azure jelly
  7832 | Slime:1  | Noticed an azure jelly
  7836 | Slime:1  | Killed an azure jelly
  7838 | Slime:1  | Killed an azure jelly
  7875 | Slime:2  | Noticed Dissolution
  7878 | Slime:2  | Killed Dissolution
  7878 | Slime:2  | Reached skill level 11 in Fighting
  7878 | Slime:2  | Reached skill level 11 in Short Blades
  7878 | Slime:2  | Reached skill level 11 in Long Blades
  7878 | Slime:2  | Reached skill level 11 in Axes
  7878 | Slime:2  | Reached skill level 11 in Maces & Flails
  7878 | Slime:2  | Reached skill level 11 in Polearms
  7878 | Slime:2  | Reached skill level 11 in Staves
  7878 | Slime:2  | Reached skill level 11 in Slings
  7878 | Slime:2  | Reached skill level 11 in Bows
  7878 | Slime:2  | Reached skill level 11 in Crossbows
  7878 | Slime:2  | Reached skill level 11 in Throwing
  7878 | Slime:2  | Reached skill level 11 in Armour
  7878 | Slime:2  | Reached skill level 11 in Shields
  7878 | Slime:2  | Reached skill level 11 in Unarmed Combat
  7878 | Slime:2  | Reached skill level 12 in Spellcasting
  7878 | Slime:2  | Reached skill level 12 in Invocations
  7878 | Slime:2  | Reached skill level 11 in Evocations
  7878 | Slime:2  | Reached XP level 17. HP: 134/134 MP: 24/33
  7879 | Slime:2  | stabbed Dissolution
  7902 | Slime:2  | Noticed an acid blob
  7908 | Slime:2  | Killed an acid blob
  7908 | Slime:2  | Reached skill level 12 in Dodging
  8015 | Slime:3  | Reached skill level 12 in Stealth
  8017 | Slime:3  | Noticed an acid blob
  8062 | Slime:3  | Paralysed by a great orb of eyes for 3 turns
  8063 | Slime:3  | Noticed an acid blob
  8069 | Slime:3  | Killed an acid blob
  8069 | Slime:3  | Killed an acid blob
  8152 | Slime:4  | Noticed an acid blob
  8159 | Slime:4  | Killed an acid blob
  8280 | Slime:4  | Noticed an acid blob
  8285 | Slime:4  | Killed an acid blob
  8289 | Slime:4  | Noticed an acid blob
  8294 | Slime:4  | Killed an acid blob
  8356 | Slime:5  | Entered Level 5 of the Pits of Slime
  8371 | Slime:5  | Noticed an acid blob
  8375 | Slime:5  | Noticed an acid blob
  8415 | Slime:4  | Reached skill level 12 in Necromancy
  8431 | Slime:4  | Killed an acid blob
  8431 | Slime:4  | Reached skill level 10 in Conjurations
  8431 | Slime:4  | Reached skill level 10 in Hexes
  8431 | Slime:4  | Reached skill level 10 in Charms
  8431 | Slime:4  | Reached skill level 10 in Summonings
  8431 | Slime:4  | Reached skill level 10 in Translocations
  8431 | Slime:4  | Reached skill level 10 in Transmutations
  8431 | Slime:4  | Reached skill level 10 in Fire Magic
  8431 | Slime:4  | Reached skill level 10 in Ice Magic
  8431 | Slime:4  | Reached skill level 10 in Air Magic
  8431 | Slime:4  | Reached skill level 10 in Earth Magic
  8431 | Slime:4  | Reached skill level 10 in Poison Magic
  8438 | Slime:5  | Paralysed by a great orb of eyes for 4 turns
  8443 | Slime:5  | Killed an acid blob
  8443 | Slime:5  | Reached XP level 18. HP: 71/143 MP: 15/34
  8799 | Slime:5  | Lost mutation: Your spells are a little harder to cast, but a little more powerful. [a shining eye]
  8920 | Slime:5  | Found a viscous altar of Jiyva.
  9011 | Slime:5  | Noticed the Royal Jelly
  9025 | Slime:5  | Killed the Royal Jelly
  9025 | Slime:5  | Reached skill level 12 in Fighting
  9025 | Slime:5  | Reached skill level 12 in Short Blades
  9025 | Slime:5  | Reached skill level 12 in Long Blades
  9025 | Slime:5  | Reached skill level 12 in Axes
  9025 | Slime:5  | Reached skill level 12 in Maces & Flails
  9025 | Slime:5  | Reached skill level 12 in Polearms
  9025 | Slime:5  | Reached skill level 12 in Staves
  9025 | Slime:5  | Reached skill level 12 in Slings
  9025 | Slime:5  | Reached skill level 12 in Bows
  9025 | Slime:5  | Reached skill level 12 in Crossbows
  9025 | Slime:5  | Reached skill level 12 in Throwing
  9025 | Slime:5  | Reached skill level 12 in Armour
  9025 | Slime:5  | Reached skill level 12 in Shields
  9025 | Slime:5  | Reached skill level 12 in Unarmed Combat
  9025 | Slime:5  | Reached skill level 13 in Invocations
  9025 | Slime:5  | Reached skill level 12 in Evocations
  9056 | Slime:5  | Identified the ring "Onee" {rCorr *Contam rF+++ Str+8 Dex-3} (You found it on level 5 of the Pits of Slime)
  9132 | Slime:5  | Got a pair of polished gloves
  9138 | Slime:5  | Identified the cursed +0 pair of gloves "Teupoisch" {Regen+} (You found it on level 5 of the Pits of Slime)
  9140 | Slime:5  | Got a twisted war axe
  9140 | Slime:5  | Got a slimy rune of Zot
  9150 | Slime:5  | Identified Sif Muna's Compendium of the Escort and Cold
  9159 | Slime:5  | Learned a level 4 spell: Passage of Golubria
  9159 | Slime:5  | Identified the +8 war axe of the Slime-mould {vamp, rElec Int-4 Dex+2} (You found it on level 5 of the Pits of Slime)
  9166 | Slime:5  | Learned a level 2 spell: Song of Slaying
  9385 | D:10     | Killed CLM's ghost
  9448 | D:11     | Killed Kirke
  9476 | D:12     | Bought a wand of acid (5) for 270 gold pieces
  9476 | D:12     | Bought 2 potions of might for 120 gold pieces
  9533 | D:14     | Found a gate to the Vaults.
  9545 | D:14     | Reached skill level 13 in Spellcasting
  9574 | Vaults:1 | Entered Level 1 of the Vaults
  9683 | Vaults:2 | Paralysed by an ogre mage for 4 turns
  9688 | Vaults:2 | Reached skill level 13 in Dodging
  9731 | Vaults:2 | Found a magical portal.
  9740 | WizLab   | Entered Lehudib's Moon Base
  9761 | WizLab   | Reached XP level 19. HP: 151/151 MP: 30/36
  9812 | WizLab   | Reached skill level 13 in Stealth
  9872 | WizLab   | Paralysed by a great orb of eyes for 7 turns
  9941 | WizLab   | Paralysed by accursed screaming for 1 turns
 10068 | WizLab   | Found a transporter.
 10244 | WizLab   | Reached skill level 11 in Conjurations
 10244 | WizLab   | Reached skill level 11 in Hexes
 10244 | WizLab   | Reached skill level 11 in Charms
 10244 | WizLab   | Reached skill level 11 in Summonings
 10244 | WizLab   | Reached skill level 11 in Translocations
 10244 | WizLab   | Reached skill level 11 in Transmutations
 10244 | WizLab   | Reached skill level 11 in Fire Magic
 10244 | WizLab   | Reached skill level 11 in Ice Magic
 10244 | WizLab   | Reached skill level 11 in Air Magic
 10244 | WizLab   | Reached skill level 11 in Earth Magic
 10244 | WizLab   | Reached skill level 11 in Poison Magic
 10299 | WizLab   | Learned a level 2 spell: Sublimation of Blood
 10317 | WizLab   | Found a transporter.
 10329 | WizLab   | Identified the Guide on the Shifting Traveller
 10337 | WizLab   | Got a scintillating bronze amulet
 10380 | WizLab   | Identified Lehudib's Volume of the Shifting Rocks
 10588 | Vaults:3 | Paralysed by an ogre mage for 4 turns
 10596 | Vaults:3 | Reached XP level 20. HP: 159/159 MP: 31/37
 10655 | Vaults:4 | Reached skill level 13 in Fighting
 10655 | Vaults:4 | Reached skill level 13 in Short Blades
 10655 | Vaults:4 | Reached skill level 13 in Long Blades
 10655 | Vaults:4 | Reached skill level 13 in Axes
 10655 | Vaults:4 | Reached skill level 13 in Maces & Flails
 10655 | Vaults:4 | Reached skill level 13 in Polearms
 10655 | Vaults:4 | Reached skill level 13 in Staves
 10655 | Vaults:4 | Reached skill level 13 in Slings
 10655 | Vaults:4 | Reached skill level 13 in Bows
 10655 | Vaults:4 | Reached skill level 13 in Crossbows
 10655 | Vaults:4 | Reached skill level 13 in Throwing
 10655 | Vaults:4 | Reached skill level 13 in Armour
 10655 | Vaults:4 | Reached skill level 13 in Shields
 10655 | Vaults:4 | Reached skill level 13 in Unarmed Combat
 10655 | Vaults:4 | Reached skill level 14 in Invocations
 10655 | Vaults:4 | Reached skill level 13 in Evocations
 10670 | Vaults:4 | Identified the amulet of Ynoomys {+Rage Int+4} (You found it in a wizard's laboratory)
 10716 | Vaults:4 | Found a ruined gateway.
 10727 | Desolati | Entered the Desolation of Salt
 10750 | Desolati | Found the +2 cloak of the Thief {+Fog Slay-2 SInv Stlth+}
 10787 | Desolati | Reached skill level 13 in Necromancy
 10973 | Desolati | Reached skill level 14 in Spellcasting
 10995 | Desolati | Identified Ommuj's Almanac of the Burning Birds
 11046 | Desolati | Identified the Handbook of Earthen Darkness
 11070 | Vaults:4 | Upgraded the game from 0.22-a0-3-g4fa69d9 to 0.22-a0-21-g9421e3f
 11093 | Vaults:5 | Entered Level 5 of the Vaults
 11115 | Vaults:5 | Reached skill level 14 in Dodging
 11167 | Vaults:5 | Reached skill level 14 in Stealth
 11230 | Vaults:5 | Noticed an ancient lich
 11232 | Vaults:5 | Noticed an ancient lich
 11232 | Vaults:5 | Reached XP level 21. HP: 167/167 MP: 28/39
 11236 | Vaults:5 | Killed an ancient lich
 11239 | Vaults:5 | Killed an ancient lich
 11301 | Vaults:5 | Noticed an ancient lich
 11307 | Vaults:5 | Killed an ancient lich
 11392 | Vaults:5 | Noticed an ancient lich
 11396 | Vaults:5 | Cast into level 5 of the Abyss (an ancient lich)
 11396 | Abyss:5  | Entered Level 5 of the Abyss
 11507 | Abyss:5  | Got an abyssal rune of Zot
 11519 | Abyss:5  | Paralysed by accursed screaming for 2 turns
 11524 | Vaults:5 | Escaped the Abyss
 11525 | Vaults:5 | Reached skill level 15 in Invocations
 11529 | Vaults:5 | Reached skill level 12 in Conjurations
 11529 | Vaults:5 | Reached skill level 12 in Hexes
 11529 | Vaults:5 | Reached skill level 12 in Charms
 11529 | Vaults:5 | Reached skill level 12 in Summonings
 11529 | Vaults:5 | Reached skill level 12 in Translocations
 11529 | Vaults:5 | Reached skill level 12 in Transmutations
 11529 | Vaults:5 | Reached skill level 12 in Fire Magic
 11529 | Vaults:5 | Reached skill level 12 in Ice Magic
 11529 | Vaults:5 | Reached skill level 12 in Air Magic
 11529 | Vaults:5 | Reached skill level 12 in Earth Magic
 11529 | Vaults:5 | Reached skill level 12 in Poison Magic
 11555 | Vaults:5 | Reached skill level 14 in Fighting
 11555 | Vaults:5 | Reached skill level 14 in Short Blades
 11555 | Vaults:5 | Reached skill level 14 in Long Blades
 11555 | Vaults:5 | Reached skill level 14 in Axes
 11555 | Vaults:5 | Reached skill level 14 in Maces & Flails
 11555 | Vaults:5 | Reached skill level 14 in Polearms
 11555 | Vaults:5 | Reached skill level 14 in Staves
 11555 | Vaults:5 | Reached skill level 14 in Slings
 11555 | Vaults:5 | Reached skill level 14 in Bows
 11555 | Vaults:5 | Reached skill level 14 in Crossbows
 11555 | Vaults:5 | Reached skill level 14 in Throwing
 11555 | Vaults:5 | Reached skill level 14 in Armour
 11555 | Vaults:5 | Reached skill level 14 in Shields
 11555 | Vaults:5 | Reached skill level 14 in Unarmed Combat
 11555 | Vaults:5 | Reached skill level 14 in Evocations
 11682 | Vaults:5 | Reached XP level 22. HP: 177/177 MP: 25/40
 11792 | Vaults:5 | Got a brightly glowing flail {drain}
 11792 | Vaults:5 | Got a silver rune of Zot
 11793 | Vaults:5 | Identified the +7 flail of Azxon {drain, *Rage rElec rC+} (You took it off a fire giant on level 5 of the Vaults)
 11866 | Vaults:5 | Reached skill level 15 in Spellcasting
 11949 | Vaults:4 | Learned a level 8 spell: Controlled Blink
 11992 | Vaults:4 | Found Qiecwour's Antique Armour Shop.
 11995 | Vaults:4 | Bought a pair of faintly humming boots for 209 gold pieces
 12013 | Vaults:4 | Identified the cursed -3 pair of boots "Atappyn" {-Tele Str+2 Int+3} (You bought it in a shop on level 4 of the Vaults)
 12097 | Vaults:3 | Found Poafug's Antique Weapon Boutique.
 12100 | Vaults:3 | Bought a runed war axe for 182 gold pieces
 12132 | Vaults:3 | Found a staircase to the Crypt.
 12140 | Crypt:1  | Entered Level 1 of the Crypt
 12152 | Crypt:1  | Reached skill level 15 in Dodging
 12243 | Crypt:2  | Reached skill level 14 in Necromancy
 12449 | Crypt:3  | Entered Level 3 of the Crypt
 12464 | Crypt:3  | Reached skill level 15 in Stealth
 12477 | Crypt:3  | Noticed Jory
 12486 | Crypt:3  | Killed Jory
 12497 | Crypt:3  | Found a staircase to the Tomb.
 12507 | Tomb:1   | Entered Level 1 of the Tomb of the Ancients
 12583 | Tomb:1   | Noticed a greater mummy
 12591 | Tomb:1   | Noticed a greater mummy
 12593 | Tomb:1   | Killed a greater mummy
 12594 | Tomb:1   | Noticed a greater mummy
 12595 | Tomb:1   | Killed a greater mummy
 12595 | Tomb:1   | Paralysed by a sphinx for 5 turns
 12597 | Tomb:1   | HP: 20/231 [sphinx/divine providence (14)]
 12597 | Tomb:1   | HP: 6/231 [sphinx/divine providence (14)]
 12598 | Tomb:1   | Killed from afar by a sphinx

Vault maps used:
D:1:      lemuel_arrival_river_bridge
D:2:      lemuel_doored_altar
D:3:      lemuel_round_altar, nicolae_overflow_quartered_altars,
          doesnt_xom_only_xom
D:4:      serial_bayou_ford_a, uniq_grinder
D:5:      first_ration, trog_butcher_becter
D:7:      grunt_temple_overflow_open, temple_statues
D:8:      basic_altar, uniq_erica
D:9:      gammafunk_wand_slinger, erik_lair_island,
          hangedman_little_slice_of_home, uniq_prince_ribbit1
D:11:     serial_shops, bzr_entry_customers, serial_ice, serial_ice_j,
          serial_ice_g, serial_ice_a, serial_ice_f, serial_ice_d,
          nemelex_xobeh_ov_fountains_minmay
D:12:     orc_0_dummy, serial_shops, shop, shop_coins, shop_coins,
          kennysheep_mini, shop, yredelemnul_altar_generic, uniq_nessos,
          uniq_kirke
D:13:     kennysheep_decorative_pillar, serial_park_tiny_2
D:14:     lightli_vaults_fourway_checkpoint, minmay_misc_feat_enclosed,
          st_stairs_9, fedhas_altar_fruit_tree
D:15:     grunt_enter_depths_giant_problem, basic_altar, lemuel_crystal_altar
Lair:2:   gammafunk_cloud_chamber, spider_nest_entry_funnel_web,
          minmay_lair_oklob_chamber, uniq_sonja, uniq_gastronok
Lair:3:   swamp_mist, beast_lair_carwin_3, serial_bayou_shore_a
Lair:4:   lemuel_fruit_tree
Lair:5:   minmay_slime_entry_pillars, grunt_forest_large_clearings
Lair:6:   minmay_lair_end_frog_pond, disabler_island
Swamp:1:  serial_swamp_ruin, hangedman_swamp_ruin_hall,
          evilmike_swamp_ruin_house_2, evilmike_swamp_ruin_house_6,
          uniq_josephine
Swamp:2:  evilmike_swamp_ruin_house_4
Swamp:3:  evilmike_swamp_ruin_rubble_1, swamp_pool2
Swamp:4:  swamp_old_school
Spider:2: nicolae_crawler_farm
Spider:4: grunt_spider_rune_circles, uniq_jorgrun
Slime:2:  dissolution_awaits
Slime:3:  special_room
Slime:4:  nicolae_slime_welcoming_committee
Orc:1:    portal_ice_cave_entry_ice_beasts, serial_shops, shop,
          guppyfry_library_mini
Orc:2:    st_orc_mages
Vaults:1: vaults_mumra_chevron_long, st_more_cells, hangedman_vaults_cutoff,
          hangedman_vaults_stretched_pinwheel, nicolae_vaults_circle_grid_b,
          v_rooms_1, v_pattern_3, nicolae_vaults_stairing_the_circle,
          ontoclasm_vaults_idyll, ontoclasm_vaults_fault, vaults_room_corners,
          vaults_standard_mumra_lines, nicolae_vaults_little_squares_5,
          vaults_dpeg_ring
Vaults:2: nicolae_vaults_circle_grid_b, v_misc_31, v_misc_2,
          vaults_room_fancy_cross, nicolae_vaults_little_squares_6,
          dpeg_vaults_monster_box, hangedman_vaults_stagger, v_misc_5,
          hangedman_vaults_stretched_pinwheel, nicolae_vaults_asterisk,
          v_misc_14, vaults_room_pool, hangedman_vaults_impose,
          mu_enter_wizlab_5, uniq_bai_suzhen
Vaults:3: hangedman_vaults_cutoff, minmay_crypt_entry_nasty_monster,
          nicolae_vaults_big_angled_halls, nicolae_vaults_yaktaur_gun_rack,
          vaults_room_door_hall, nicolae_vaults_network_star,
          ontoclasm_vaults_eye, vaults_dpeg_encased_lava,
          nicolae_vaults_circle_grid_a, v_misc_18, serial_shops,
          nicolae_shop_window_shopping
Vaults:4: st_greater_box_3, nicolae_vaults_alarming, vaults_mumra_chevron,
          v_rooms_4, grunt_vaults_focal, nicolae_vaults_twisting_passages,
          vaults_room_stairs_pillars, serial_shops, nicolae_shop_behind_doors,
          portal_desolation_entry_ruin
Vaults:5: serial_shops
Crypt:1:  minivault_26, grunt_megastairs_3, uniq_frederick
Crypt:2:  grunt_megastairs_4
Crypt:3:  grunt_crypt_end_deaths_head
Abyss:5:  minivault_24, hangedman_abyss_stitches_cave,
          dshaligram_kb_abyss_rune_zappy_water_cross, evilmike_abyss_exit_chaos,
          hangedman_abyss_or_decor_passed
Bazaar:   bazaar_minmay_cross
IceCv:    ice_cave_small_necro
WizLab:   wizlab_lehudib

Skill      XL: |  1  2  3  4  5  6  7  8  9 10 11 12 13 14 15 16 17 18 19 20 21 22 |
---------------+-------------------------------------------------------------------+-----
Spellcasting   | 5 6 7 8 9 10 11 12 13 14 15 | 15.3
Invocations    | 1 2 3 4 5 6 7 8 9 10 11 12 13 14 15 | 15.7
Fighting       | 1 2 3 4 5 6 7 8 9 10 11 12 13 14 | 14.6
Short Blades   | 1 2 3 4 5 6 7 8 9 10 11 12 13 14 | 14.6
Long Blades    | 1 2 3 4 5 6 7 8 9 10 11 12 13 14 | 14.6
Axes           | 1 2 3 4 5 6 7 8 9 10 11 12 13 14 | 14.6
Maces & Flails | 1 2 3 4 5 6 7 8 9 10 11 12 13 14 | 14.6
Polearms       | 1 2 3 4 5 6 7 8 9 10 11 12 13 14 | 14.6
Staves         | 1 2 3 4 5 6 7 8 9 10 11 12 13 14 | 14.6
Slings         | 1 2 3 4 5 6 7 8 9 10 11 12 13 14 | 14.6
Bows           | 1 2 3 4 5 6 7 8 9 10 11 12 13 14 | 14.6
Crossbows      | 1 2 3 4 5 6 7 8 9 10 11 12 13 14 | 14.6
Throwing       | 1 2 3 4 5 6 7 8 9 10 11 12 13 14 | 14.6
Armour         | 1 2 3 4 5 6 7 8 9 10 11 12 13 14 | 14.6
Shields        | 1 2 3 4 5 6 7 8 9 10 11 12 13 14 | 14.6
Unarmed Combat | 1 2 3 4 5 6 7 8 9 10 11 12 13 14 | 14.6
Evocations     | 1 2 3 4 5 6 7 8 9 10 11 12 13 14 | 14.6
Conjurations   | 1 2 3 4 5 6 7 8 9 10 11 12 | 12.6
Hexes          | 1 2 3 4 5 6 7 8 9 10 11 12 | 12.6
Charms         | 1 2 3 4 5 6 7 8 9 10 11 12 | 12.6
Summonings     | 1 2 3 4 5 6 7 8 9 10 11 12 | 12.6
Translocations | 1 2 3 4 5 6 7 8 9 10 11 12 | 12.6
Transmutations | 1 2 3 4 5 6 7 8 9 10 11 12 | 12.6
Fire Magic     | 1 2 3 4 5 6 7 8 9 10 11 12 | 12.6
Ice Magic      | 1 2 3 4 5 6 7 8 9 10 11 12 | 12.6
Air Magic      | 1 2 3 4 5 6 7 8 9 10 11 12 | 12.6
Earth Magic    | 1 2 3 4 5 6 7 8 9 10 11 12 | 12.6
Poison Magic   | 1 2 3 4 5 6 7 8 9 10 11 12 | 12.6
Dodging        | 5 6 7 8 9 10 11 12 13 14 15 | 15.2
Stealth        | 5 6 7 8 9 10 11 12 13 14 15 | 15.1
Necromancy     | 8 9 10 11 12 13 14 | 14.1

Action                   |  1- 3 |  4- 6 |  7- 9 | 10-12 | 13-15 | 16-18 | 19-21 | 22-24 || total
-------------------------+-------+-------+-------+-------+-------+-------+-------+-------++-------
Melee: Short sword       |       |     6 |     2 |     6 |       |       |       |       ||    14
       Falchion          |       |    19 |    63 |       |       |       |       |       ||    82
       Bite              |       |     3 |    33 |    77 |    87 |    73 |    70 |    27 ||   370
       Spear             |       |       |    35 |       |       |       |       |       ||    35
       Punch             |       |       |     2 |     2 |    14 |       |       |       ||    18
       Great sword       |       |       |    58 |   187 |    37 |       |       |       ||   282
       Scimitar          |       |       |       |     9 |   109 |       |       |       ||   118
       Unarmed           |       |       |       |     4 |   199 |   279 |   222 |    55 ||   759
       Dagger            |       |       |       |       |     1 |     5 |     6 |     8 ||    20
       Broad axe         |       |       |       |       |       |    18 |    87 |    84 ||   189
 Fire: Hunting sling     |       |    28 |       |       |       |       |       |       ||    28
       Hand crossbow     |       |       |       |     9 |       |    36 |    30 |       ||    75
       Longbow           |       |       |       |       |    15 |       |       |       ||    15
Throw: Stone             |       |       |     1 |     8 |       |       |       |       ||     9
       Javelin           |       |       |       |    12 |     7 |    13 |       |       ||    32
       Tomahawk          |       |       |       |       |       |     4 |    11 |     3 ||    18
 Cast: Pain              |    49 |    62 |    12 |     9 |       |       |       |       ||   132
       Animate Skeleton  |     2 |     3 |     3 |     7 |     3 |       |     2 |       ||    20
       Regeneration      |     1 |       |     3 |     6 |     8 |    24 |    22 |     9 ||    73
       Vampiric Draining |       |     4 |     3 |       |       |       |       |       ||     7
       Borgnjor's Vile C |       |       |    15 |    53 |    55 |    28 |    86 |    30 ||   267
       Spectral Weapon   |       |       |       |     2 |    15 |       |       |       ||    17
       Passwall          |       |       |       |     1 |    32 |     4 |     1 |       ||    38
       Apportation       |       |       |       |       |    67 |    99 |    59 |    25 ||   250
       Statue Form       |       |       |       |       |    26 |    47 |    34 |    14 ||   121
       Lee's Rapid Decon |       |       |       |       |     1 |     1 |    41 |    12 ||    55
       Animate Dead      |       |       |       |       |     9 |     3 |       |       ||    12
       Irradiate         |       |       |       |       |     1 |    35 |     5 |     2 ||    43
       Passage of Golubr |       |       |       |       |       |    43 |    46 |    56 ||   145
       Sublimation of Bl |       |       |       |       |       |       |     5 |     2 ||     7
Invok: Slouch            |       |       |       |     4 |    13 |    11 |    12 |     7 ||    47
       Bend Time         |       |       |       |     1 |       |       |       |       ||     1
 Abil: End Transformatio |       |       |       |       |     1 |    13 |     1 |       ||    15
       Evoke Fog         |       |       |       |       |       |       |     9 |     2 ||    11
Evoke: Wand              |       |       |       |    33 |    18 |     9 |     8 |     1 ||    69
       Phial of floods   |       |       |       |       |       |     1 |       |       ||     1
  Use: Scroll            |       |     3 |     6 |    13 |     9 |    17 |    10 |     6 ||    64
       Potion            |       |     1 |     7 |     1 |     2 |     9 |     4 |       ||    24
 Stab: Sleeping          |       |       |     5 |     7 |    11 |     4 |     7 |     8 ||    42
       Distracted        |       |       |     1 |     1 |     5 |     2 |       |       ||     9
       Paralysed         |       |       |       |     6 |     5 |     2 |       |       ||    13
       Invisible         |       |       |       |       |     5 |       |       |       ||     5
  Eat: Chunk             |       |     2 |     3 |     4 |     3 |       |     2 |       ||    14
       Ration            |       |       |     1 |     4 |     4 |     4 |     5 |     2 ||    20
Armor: Robe              |     3 |    14 |    61 |       |       |       |       |       ||    78
       Troll leather arm |       |       |       |   114 |    75 |     2 |     3 |     2 ||   196
       Skin              |       |       |       |       |   214 |   366 |   195 |    84 ||   859
Dodge: Dodged            |     9 |    73 |   227 |   359 |   849 |   865 |   632 |   242 ||  3256
Block: Buckler           |       |       |       |       |   180 |   318 |       |       ||   498
       Shield            |       |       |       |       |       |   147 |   717 |   326 ||  1190
       Rpst.: Falchion   |       |     9 |    18 |       |       |       |       |       ||    27
       Great sword       |       |       |    31 |    81 |    17 |       |       |       ||   129
       Scimitar          |       |       |       |     4 |    29 |       |       |       ||    33

Table legend:
 A = Spawn XP
 B = Non-spawn XP
 C = Spawn XP percentage of total XP
 D = Spawn monster count
 E = Non-spawn monster count
 F = Spawn count percentage of total count
 G = Total turns spent on level
                    A         B        C        D         E        F      G
               +---------+---------+-------+---------+---------+-------+---------
         Total |    9398 |  689450 |   1.3 |      18 |    1283 |   1.4 | 12598
               +---------+---------+-------+---------+---------+-------+---------
           D:1 |       0 |      22 |   0.0 |       0 |       9 |   0.0 |   308
           D:2 |       0 |      40 |   0.0 |       0 |       9 |   0.0 |   283
           D:3 |       0 |      86 |   0.0 |       0 |      17 |   0.0 |   315
           D:4 |       0 |     536 |   0.0 |       0 |       7 |   0.0 |   416
           D:5 |       0 |     398 |   0.0 |       0 |      17 |   0.0 |   394
           D:6 |       0 |     202 |   0.0 |       0 |       8 |   0.0 |   239
           D:7 |       0 |     346 |   0.0 |       0 |       9 |   0.0 |   215
           D:8 |       0 |    2539 |   0.0 |       0 |      36 |   0.0 |   282
           D:9 |       0 |    6177 |   0.0 |       0 |      41 |   0.0 |   506
          D:10 |       0 |    3125 |   0.0 |       0 |       8 |   0.0 |   234
          D:11 |       0 |    4384 |   0.0 |       0 |      26 |   0.0 |   326
          D:12 |       0 |    6283 |   0.0 |       0 |      33 |   0.0 |   398
          D:13 |       0 |     752 |   0.0 |       0 |       4 |   0.0 |   146
          D:14 |       0 |   10231 |   0.0 |       0 |      30 |   0.0 |   253
          D:15 |       0 |    5192 |   0.0 |       0 |      15 |   0.0 |   282
        Lair:1 |       0 |    2133 |   0.0 |       0 |      10 |   0.0 |   113
        Lair:2 |       0 |    3503 |   0.0 |       0 |      12 |   0.0 |   221
        Lair:3 |       0 |     302 |   0.0 |       0 |       2 |   0.0 |    49
        Lair:4 |       0 |    2458 |   0.0 |       0 |      12 |   0.0 |   185
        Lair:5 |       0 |    3292 |   0.0 |       0 |      16 |   0.0 |   146
       Swamp:1 |       0 |   10295 |   0.0 |       0 |      24 |   0.0 |   143
       Swamp:2 |       0 |    8448 |   0.0 |       0 |      13 |   0.0 |   106
       Swamp:3 |       0 |    6713 |   0.0 |       0 |       8 |   0.0 |    72
       Swamp:4 |       0 |   20790 |   0.0 |       0 |      35 |   0.0 |   283
      Spider:1 |       0 |   13607 |   0.0 |       0 |      48 |   0.0 |   370
      Spider:2 |       0 |    3653 |   0.0 |       0 |      12 |   0.0 |    69
      Spider:3 |       0 |    1401 |   0.0 |       0 |       6 |   0.0 |    86
      Spider:4 |       0 |   38786 |   0.0 |       0 |      83 |   0.0 |   341
       Slime:1 |       0 |    8488 |   0.0 |       0 |       9 |   0.0 |    61
       Slime:2 |       0 |   28404 |   0.0 |       0 |      11 |   0.0 |   185
       Slime:3 |       0 |   20983 |   0.0 |       0 |      24 |   0.0 |   164
       Slime:4 |       0 |   32789 |   0.0 |       0 |      35 |   0.0 |   570
       Slime:5 |       0 |   27015 |   0.0 |       0 |      15 |   0.0 |   424
         Orc:1 |       0 |    5369 |   0.0 |       0 |      58 |   0.0 |   327
         Orc:2 |       0 |    8515 |   0.0 |       0 |      94 |   0.0 |   637
      Vaults:2 |       0 |   20884 |   0.0 |       0 |      30 |   0.0 |   196
      Vaults:3 |       0 |   27207 |   0.0 |       0 |      45 |   0.0 |   188
      Vaults:4 |       0 |   15071 |   0.0 |       0 |      19 |   0.0 |   266
      Vaults:5 |    1456 |  159376 |   0.9 |       1 |     105 |   0.9 |   690
       Crypt:1 |       0 |    5282 |   0.0 |       0 |      13 |   0.0 |    39
       Crypt:2 |       0 |   13820 |   0.0 |       0 |      27 |   0.0 |   270
       Crypt:3 |       0 |   16814 |   0.0 |       0 |      15 |   0.0 |    58
        Tomb:1 |       0 |   14137 |   0.0 |       0 |       9 |   0.0 |    91
       Abyss:5 |    7942 |   11063 |  41.8 |      17 |      26 |  39.5 |   128
         IceCv |       0 |    6613 |   0.0 |       0 |      54 |   0.0 |   355
        WizLab |       0 |   65895 |   0.0 |       0 |      58 |   0.0 |   742
    Desolation |       0 |   46031 |   0.0 |       0 |      86 |   0.0 |   342
               +---------+---------+-------+---------+---------+-------+---------

Table legend:
 A = Turns spent in this place as a percentage of turns spent in the entire game.
 B = Non-inter-level travel turns spent in this place as a percentage of non-inter-level travel turns spent in the entire game.
 C = Inter-level travel turns spent in this place as a percentage of turns spent in this place.
 D = Turns resting spent in this place as a percentage of non-inter-level travel turns spent in this place.
 E = Turns spent auto-exploring this place as a percentage of non-inter-level travel turns spent in this place.
 F = Non-inter-level travel turns spent in this place divided by the number of levels of this place that you've seen.
                   A       B       C       D       E      F
               +-------+-------+-------+-------+-------+----------------------
         Total | 100.0 | 100.0 |   1.1 |   0.0 |   0.0 | 249.1
       Dungeon |  36.5 |  36.6 |   0.8 |   0.1 |   0.0 | 304.1
          Lair |   5.8 |   5.9 |   0.0 |   0.0 |   0.0 | 121.8
         Swamp |   4.8 |   4.8 |   0.0 |   0.0 |   0.0 | 151.0
   Spider Nest |   6.9 |   7.0 |   0.0 |   0.0 |   0.0 | 216.5
    Slime Pits |  11.1 |  11.2 |   1.0 |   0.0 |   0.0 | 278.0
  Orcish Mines |   7.7 |   7.2 |   7.2 |   0.0 |   0.0 | 447.5
        Vaults |  10.7 |  10.7 |   1.9 |   0.0 |   0.0 | 265.6
         Crypt |   2.9 |   2.9 |   0.0 |   0.0 |   0.0 | 122.3
          Tomb |   0.7 |   0.7 |   0.0 |   0.0 |   0.0 |  91.0
         Abyss |   1.0 |   1.0 |   0.0 |   0.0 |   0.0 | 128.0
        Bazaar |   0.4 |   0.4 |   0.0 |   0.0 |   0.0 |  53.0
      Ice Cave |   2.8 |   2.9 |   0.0 |   0.0 |   0.0 | 355.0
        Wizlab |   5.9 |   6.0 |   0.0 |   0.0 |   0.0 | 742.0
    Desolation |   2.7 |   2.7 |   0.0 |   0.0 |   0.0 | 342.0
               +-------+-------+-------+-------+-------+----------------------

Table legend:
 A = Kills in this place as a percentage of kills in entire the game.
 B = Kills by you in this place as a percentage of kills by you in the entire game.
 C = Kills by friends in this place as a percentage of kills by friends in the entire game.
 D = Other kills in this place as a percentage of other kills in the entire game.
 E = Experience gained in this place as a percentage of experience gained in the entire game.
 F = Experience gained in this place divided by the number of levels of this place that you have seen.
                   A       B       C       D       E      F
               +-------+-------+-------+-------+-------+----------------------
         Total | 100.0 | 100.0 | 100.0 | 100.0 | 100.0 | 13977.0
       Dungeon |  20.7 |  21.1 |  11.4 |   0.0 |   5.8 | 2687.5
          Lair |   4.0 |   4.2 |   0.0 |   0.0 |   1.7 | 1948.0
         Swamp |   6.1 |   6.1 |   9.1 |   0.0 |   6.6 | 11561.5
   Spider Nest |  11.5 |   9.1 |  77.3 |  25.0 |   8.2 | 14361.8
    Slime Pits |   7.2 |   7.5 |   0.0 |   0.0 |  16.8 | 23535.8
  Orcish Mines |  11.7 |  12.1 |   0.0 |  25.0 |   2.0 | 6942.0
        Vaults |  15.4 |  15.7 |   2.3 |  50.0 |  32.1 | 44798.8
         Crypt |   4.2 |   4.4 |   0.0 |   0.0 |   5.1 | 11972.0
          Tomb |   0.7 |   0.7 |   0.0 |   0.0 |   2.0 | 14137.0
         Abyss |   3.3 |   3.4 |   0.0 |   0.0 |   2.7 | 19005.0
      Ice Cave |   4.2 |   4.3 |   0.0 |   0.0 |   0.9 | 6613.0
        Wizlab |   4.5 |   4.6 |   0.0 |   0.0 |   9.4 | 65895.0
    Desolation |   6.6 |   6.9 |   0.0 |   0.0 |   6.6 | 46031.0
               +-------+-------+-------+-------+-------+----------------------

Vault maps used:
D:1:      lemuel_arrival_river_bridge
D:2:      lemuel_doored_altar
D:3:      lemuel_round_altar, nicolae_overflow_quartered_altars,
          doesnt_xom_only_xom
D:4:      serial_bayou_ford_a, uniq_grinder
D:5:      first_ration, trog_butcher_becter
D:7:      grunt_temple_overflow_open, temple_statues
D:8:      basic_altar, uniq_erica
D:9:      gammafunk_wand_slinger, erik_lair_island,
          hangedman_little_slice_of_home, uniq_prince_ribbit1
D:11:     serial_shops, bzr_entry_customers, serial_ice, serial_ice_j,
          serial_ice_g, serial_ice_a, serial_ice_f, serial_ice_d,
          nemelex_xobeh_ov_fountains_minmay
D:12:     orc_0_dummy, serial_shops, shop, shop_coins, shop_coins,
          kennysheep_mini, shop, yredelemnul_altar_generic, uniq_nessos,
          uniq_kirke
D:13:     kennysheep_decorative_pillar, serial_park_tiny_2
D:14:     lightli_vaults_fourway_checkpoint, minmay_misc_feat_enclosed,
          st_stairs_9, fedhas_altar_fruit_tree
D:15:     grunt_enter_depths_giant_problem, basic_altar, lemuel_crystal_altar
Lair:2:   gammafunk_cloud_chamber, spider_nest_entry_funnel_web,
          minmay_lair_oklob_chamber, uniq_sonja, uniq_gastronok
Lair:3:   swamp_mist, beast_lair_carwin_3, serial_bayou_shore_a
Lair:4:   lemuel_fruit_tree
Lair:5:   minmay_slime_entry_pillars, grunt_forest_large_clearings
Lair:6:   minmay_lair_end_frog_pond, disabler_island
Swamp:1:  serial_swamp_ruin, hangedman_swamp_ruin_hall,
          evilmike_swamp_ruin_house_2, evilmike_swamp_ruin_house_6,
          uniq_josephine
Swamp:2:  evilmike_swamp_ruin_house_4
Swamp:3:  evilmike_swamp_ruin_rubble_1, swamp_pool2
Swamp:4:  swamp_old_school
Spider:2: nicolae_crawler_farm
Spider:4: grunt_spider_rune_circles, uniq_jorgrun
Slime:2:  dissolution_awaits
Slime:3:  special_room
Slime:4:  nicolae_slime_welcoming_committee
Orc:1:    portal_ice_cave_entry_ice_beasts, serial_shops, shop,
          guppyfry_library_mini
Orc:2:    st_orc_mages
Vaults:1: vaults_mumra_chevron_long, st_more_cells, hangedman_vaults_cutoff,
          hangedman_vaults_stretched_pinwheel, nicolae_vaults_circle_grid_b,
          v_rooms_1, v_pattern_3, nicolae_vaults_stairing_the_circle,
          ontoclasm_vaults_idyll, ontoclasm_vaults_fault, vaults_room_corners,
          vaults_standard_mumra_lines, nicolae_vaults_little_squares_5,
          vaults_dpeg_ring
Vaults:2: nicolae_vaults_circle_grid_b, v_misc_31, v_misc_2,
          vaults_room_fancy_cross, nicolae_vaults_little_squares_6,
          dpeg_vaults_monster_box, hangedman_vaults_stagger, v_misc_5,
          hangedman_vaults_stretched_pinwheel, nicolae_vaults_asterisk,
          v_misc_14, vaults_room_pool, hangedman_vaults_impose,
          mu_enter_wizlab_5, uniq_bai_suzhen
Vaults:3: hangedman_vaults_cutoff, minmay_crypt_entry_nasty_monster,
          nicolae_vaults_big_angled_halls, nicolae_vaults_yaktaur_gun_rack,
          vaults_room_door_hall, nicolae_vaults_network_star,
          ontoclasm_vaults_eye, vaults_dpeg_encased_lava,
          nicolae_vaults_circle_grid_a, v_misc_18, serial_shops,
          nicolae_shop_window_shopping
Vaults:4: st_greater_box_3, nicolae_vaults_alarming, vaults_mumra_chevron,
          v_rooms_4, grunt_vaults_focal, nicolae_vaults_twisting_passages,
          vaults_room_stairs_pillars, serial_shops, nicolae_shop_behind_doors,
          portal_desolation_entry_ruin
Vaults:5: serial_shops
Crypt:1:  minivault_26, grunt_megastairs_3, uniq_frederick
Crypt:2:  grunt_megastairs_4
Crypt:3:  grunt_crypt_end_deaths_head
Abyss:5:  minivault_24, hangedman_abyss_stitches_cave,
          dshaligram_kb_abyss_rune_zappy_water_cross, evilmike_abyss_exit_chaos,
          hangedman_abyss_or_decor_passed
Bazaar:   bazaar_minmay_cross
IceCv:    ice_cave_small_necro
WizLab:   wizlab_lehudib
